Map: Lerilak Crest

Players

LilDicky - Winner!

  • Race: Terran Terran
  • League: Diamond

bbgrabbag

  • Race: Protoss Protoss
  • League: Gold

VOD

http://www.twitch.tv/tumescentpie

Description

Time

  • Played on: Dec. 26, 2015, 10:18 p.m.
  • Length: 5:42
Show
View Real Time Build Order
Export as new Build Order

LilDicky Terran - Winner!

Build Orders: MMM Bio 

Get SALT Encoding   

  12  0:01  SCV  
  13  0:13  SCV  
  14  0:17  Supply Depot  
  14  0:25  SCV  
  15  0:39  SCV  
  16  0:48  Barracks  
  16  0:52  Refinery  
  16  0:53  SCV  
  17  1:05  SCV  
  18  1:18  SCV  
  19  1:30  SCV  
  20  1:35  Marine  
  20  1:36  Supply Depot  
  21  1:42  Orbital Command  
  21  1:57  Factory  
  21  1:58  Marine  
  22  2:02  Barracks  
  22  2:05  Barracks  
  22  2:12  Refinery  
  22  2:15  Supply Depot  
  22  2:18  Barracks Reactor  
  22  2:23  SCV  
  23  2:39  SCV  
  24  2:47  Supply Depot  
  24  2:51  SCV  
  26  2:53  Barracks Tech Lab x2  
  26  3:05  SCV  
  26  3:06  Marine x2  
  26  3:09  Widow Mine  
  30  3:13  Supply Depot  
  30  3:17  SCV  
  30  3:18  Stimpack  
  31  3:22  Combat Shields  
  31  3:24  Marine x3  
  31  3:25  Marine  
  35  3:32  SCV  
  36  3:36  Supply Depot  
  36  3:41  Marine  
  36  3:42  Marine  
  37  3:51  Marauder  
  39  3:56  Starport  
  39  3:57  Widow Mine  
  39  4:02  Supply Depot  
  41  4:04  Marine x2  
  41  4:07  SCV  
  41  4:09  Marauder  
  46  4:23  Marine x2, Marauder  
  48  4:39  Medivac  
  48  4:43  Engineering Bay, Marine x2  
  52  4:56  SCV  
  55  5:04  Marine x2  
  55  5:05  Marauder x2  
  59  5:12  Missile Turret  
  57  5:15  Supply Depot  
  57  5:22  Marine  
Show
View Real Time Build Order
Export as new Build Order

bbgrabbag Protoss 

Build Orders: Oracle Opening 

Get SALT Encoding   

  12  0:01  Probe (Chrono Boost)  
  13  0:11  Probe (Chrono Boost)  
  14  0:18  Pylon  
  14  0:22  Probe (Chrono Boost)  
  15  0:37  Probe (Chrono Boost)  
  15  0:38  Gateway  
  16  0:47  Probe (Chrono Boost)  
  17  0:52  Assimilator  
  17  0:55  Assimilator  
  17  0:58  Probe (Chrono Boost)  
  18  1:09  Probe (Chrono Boost)  
  19  1:14  Pylon  
  19  1:19  Probe (Chrono Boost)  
  20  1:29  Cybernetics Core  
  20  1:30  Probe (Chrono Boost)  
  21  1:40  Probe (Chrono Boost)  
  22  1:51  Probe (Chrono Boost)  
  23  2:01  Probe (Chrono Boost)  
  24  2:12  Nexus  
  24  2:18  Warp Gate (Chrono Boost)  
  24  2:22  Mothership Core  
  26  2:28  Adept  
  28  2:36  Pylon  
  28  2:48  Stargate  
  28  3:11  Gateway  
  28  3:13  Gateway  
  28  3:23  Probe x2  
  30  3:31  Oracle  
  33  3:34  Probe  
  33  3:35  Probe  
  35  3:47  Probe  
  36  4:00  Probe  
  36  4:02  Probe  
  38  4:07  Adept x2  
  42  4:11  Probe  
  43  4:19  Probe  
  43  4:23  Oracle  
  43  4:24  Probe  
  41  4:31  Probe  
  43  4:34  Probe  
  44  4:43  Probe  
  44  4:45  Probe  
  45  4:48  Pylon  
  45  4:52  Stalker x2  
  48  4:53  Stalker  
  48  4:55  Probe x2  
  54  5:11  Probe x2  
Tags
 
Add a new tag
Caveats
  • Supply blocks, unpowered buildings, or Contaminate may cause inaccurate times.
  • Supply counts are checked every 10 seconds.